 Dungeon Sprint DCSS version 0.20-a0-876-g2c7b0bf (webtiles) character file.

3082 esc the Grappler (level 9, 0/157 HPs)
             Began as a Troll Berserker on Mar 15, 2017.
             Was a High Priest of Trog.
             Succumbed to a death drake's dark miasma
             ... in the Dungeon (Sprint II: "The Violet Keep of Menkaure").
             The game lasted 00:05:53 (503 turns).

esc the Grappler (Troll Berserker)                   Turns: 503, Time: 00:05:54

Health: 0/157      AC:  9    Str: 30    XL:     9   Next: 58%
Magic:  8/8        EV: 15    Int:  3    God:    Trog [*****.]
Gold:   438        SH:  0    Dex: 12    Spells: 8/8 levels left

rFire    . . .     SeeInvis .     - Unarmed
rCold    + . .     Gourm    +   a - +0 animal skin
rNeg     . . .     Faith    .   (no shield)
rPois    .         Spirit   .   (helmet restricted)
rElec    .         Reflect  .   (no cloak)
rCorr    .         Harm     .   (gloves unavailable)
MR       .....     NoTele   +   (boots unavailable)
Stlth    ..........             (no amulet)
Regen    0.8/turn               (no ring)
MPRegen  0.2/turn               i - +4 ring of protection

@: berserking (expiring), lethally poisoned (0 -> -19), slowed
A: unfitting armour, claws 3, cold resistance 1, deterioration 1, fast
metabolism 3, gourmand, regeneration 1, shaggy fur 1, tough skin 2, weak 1,
subdued magic 1
a: Berserk, Trog's Hand, Brothers in Arms, Burn Spellbooks, Renounce Religion


You were in the Dungeon.
You worshipped Trog.
Trog was extremely pleased with you.
You were hungry.

You visited 1 branch You collected 1134 gold pieces.
You spent 696 gold pieces at shops.

Inventory:

Armour
 a - a +0 animal skin (worn)
Jewellery
 i - a +4 ring of protection (left claw)
   (You bought it in a shop in the Dungeon)
Potions
 c - 3 potions of curing
 d - a potion of heal wounds
 e - 2 potions of haste
 f - 2 potions of magic
 g - a potion of berserk rage {!q}
 j - 2 potions of brilliance {unknown}
Comestibles
 b - 2 bread rations {@e1}


   Skills:
 + Level 11.1 Fighting
 + Level 11.2 Dodging
 + Level 12.9 Unarmed Combat


You had 8 spell levels left.
You didn't know any spells.

Dungeon Overview and Level Annotations

Branches:
Dungeon (1/1)

Altars:
Cheibriados
Dithmenos
Elyvilon
Fedhas
Gozag
Hepliaklqana
Kikubaaqudgha
Makhleb
Nemelex Xobeh
Okawaru
Qazlal
Ru
Sif Muna
Trog
Uskayaw
Vehumet
Wu Jian
Xom
Yredelemnul
Zin
The Shining One
Beogh
Jiyva
Lugonu

Shops:
D !:*:[?!=(}(::[%=

Annotations:
D exclusion: oklob plant


Innate Abilities, Weirdness & Mutations

You are too large for most types of armour.
You have claws for hands.
Your metabolism is lightning-fast.
You like to eat raw meat.
Your natural rate of healing is unusually fast.
You are covered in fur. (AC +1)
You have very tough skin. (AC +2)
Your flesh is cold resistant. (rC+)
Your body sometimes deteriorates upon taking damage.
You are weak. (Str -2)
Your spells are a little easier to cast, but a little less powerful.


Message History

You take 3 damage, and have 95/97 hp.
You barely miss the death drake.
You are engulfed in dark miasma.
You are more poisoned.
You feel as though you will be slow longer.
You feel very sick. The death drake bites you.
The death drake bites you but does no damage.
You take 18 damage, and have 77/97 hp.
Unknown command.
You closely miss the death drake.
You are engulfed in dark miasma.
You are more poisoned.
You feel your flesh rotting away!
You feel extremely sick. The death drake bites you.
You take 8 damage, and have 69/96 hp.
Unknown command.
Unknown command.
You feel extremely sick. The death drake breathes miasma at you.
The foul vapour misses you.
The death drake bites you but does no damage.
You take 8 damage, and have 61/96 hp.
Unknown command.
Unknown command.
You completely miss the death drake.
You are engulfed in dark miasma.
You are lethally poisoned!
You feel extremely sick. The death drake bites you.
The death drake bites you but does no damage.
You take 15 damage, and have 46/96 hp.
Unknown command.
Unknown command.
You claw the death drake!
You are engulfed in dark miasma.
You are more poisoned.
You feel extremely sick. The death drake bites you!
* * * LOW HITPOINT WARNING * * *
Your magical contamination has completely faded away.
You take 19 damage, and have 27/96 hp.
Unknown command.
Unknown command.
Unknown command.
You feel better. The death drake barely misses you. The death drake misses you.
You regained 4 hp, and now have 31/102 hp.
A red film seems to cover your vision as you go berserk!
You feel yourself moving faster!
You feel mighty!
You are feeling hungry.
The death drake barely misses you. The death drake breathes miasma at you.
The foul vapour engulfs you!
You are poisoned.
You feel as though you will be slow longer.
* * * LOW HITPOINT WARNING * * *
You now have 35/153 hp.
You barely miss the death drake.
You are engulfed in dark miasma.
You are more poisoned.
You feel as though you will be slow longer.
* * * LOW HITPOINT WARNING * * *
x2 You feel very sick.
The death drake barely misses you.
You take 8 damage, and have 27/153 hp.
Unknown command.
Unknown command.
You eviscerate the death drake!!!
* * * LOW HITPOINT WARNING * * *
You feel sick. The death drake breathes miasma at you.
The foul vapour misses you.
* * * LOW HITPOINT WARNING * * *
You feel very sick. The death drake bites you.
* * * LOW HITPOINT WARNING * * *
The death drake bites you.
* * * LOW HITPOINT WARNING * * *
You take 13 damage, and have 14/153 hp.
You claw the death drake!
You kill the death drake!
Trog accepts your kill. Something appears at your feet! Trog grants you a gift!
Your Fighting skill increases to level 11!
Your Dodging skill increases to level 11!
* * * LOW HITPOINT WARNING * * *
You feel very sick. The swamp drake bites you.
* * * LOW HITPOINT WARNING * * *
You take 5 damage, and have 9/157 hp.
You closely miss the swamp drake. Your claw misses the swamp drake.
* * * LOW HITPOINT WARNING * * *
You feel sick. The swamp drake bites you.
* * * LOW HITPOINT WARNING * * *
You take 7 damage, and have 2/157 hp.
You are too berserk!
You claw the swamp drake!
You die... #..# ...# ..§#### #.### ..#####..##.# $([%[

'###.##..#§§'..#..#▓(?[%%[
.###..#..#§§#..#..#▓!!?$$$!
<.'##.'..####..##.#▓$)$??((
.##.#.#....###...##▓▓▓▓▓▓▓+
÷###.##......≈≈)≈≈≈≈≈≈≈≈≈≈
#.####≈≈.....≈#k########+###
#..#≈≈≈≈≈§≈§§≈#_@_.....#t≈≈#
..##≈≈≈≈≈§≈§§≈#§_._....#t§≈§ #
+##≈≈≈≈≈≈§≈§§≈#_._._...#≈§§§§#
≈≈≈≈≈≈≈§≈§≈§§#._._._..#≈≈§§§≈
+++#≈≈§≈≈≈≈≈≈#_._._._.#≈≈§§§≈
##§§§###§≈#._._._._#≈≈§≈≈t
##§§ #≈≈#.._._._.#§§§§≈≈
#≈§#._._._..#≈§≈≈▓▓
≈≈≈##########≈≈≈≈▓z


You could see a swamp drake.

Vanquished Creatures
  A great orb of eyes (D)
  A death drake (D)
  3 polar bears (D)
  4 neqoxecs (D)
  Menkaure (D)
  4 necrophages (D)
  4 worker ants (D)
  3 worms (D)
21 creatures vanquished.

Vanquished Creatures (collateral kills)
  A yaktaur (D)
  A hornet (D)
2 creatures vanquished.

Vanquished Creatures (others)
  A crocodile (D)
1 creature vanquished.

Grand Total: 24 creatures vanquished

Notes
Turn   | Place    | Note
-------+----------+-------------------------------------------
     0 | D        | esc the Troll Berserker began the quest for the Orb.
     0 | D        | Reached XP level 1. HP: 22/22 MP: 0/0
    12 | D        | Reached skill level 3 in Fighting
    12 | D        | Reached skill level 3 in Dodging
    18 | D        | Reached ** piety under Trog
    18 | D        | Reached XP level 2. HP: 9/31 MP: 1/1
    43 | D        | Killed a crocodile
    81 | D        | Reached skill level 4 in Unarmed Combat
    81 | D        | Reached XP level 3. HP: 39/39 MP: 2/2
    83 | D        | Reached skill level 4 in Fighting
    83 | D        | Reached skill level 4 in Dodging
    83 | D        | Reached skill level 5 in Unarmed Combat
    85 | D        | Reached XP level 4. HP: 49/49 MP: 3/3
    86 | D        | Reached *** piety under Trog
    86 | D        | Reached skill level 5 in Fighting
    86 | D        | Reached skill level 5 in Dodging
   126 | D        | Noticed a necrophage
   126 | D        | Noticed a necrophage
   126 | D        | Noticed a necrophage
   126 | D        | Noticed a necrophage
   133 | D        | Killed a necrophage
   133 | D        | Reached skill level 7 in Unarmed Combat
   133 | D        | Reached XP level 5. HP: 56/56 MP: 4/4
   135 | D        | Killed a necrophage
   135 | D        | Reached skill level 6 in Fighting
   135 | D        | Reached skill level 6 in Dodging
   135 | D        | Reached XP level 6. HP: 64/64 MP: 5/5
   138 | D        | Reached **** piety under Trog
   138 | D        | Reached skill level 7 in Fighting
   138 | D        | Reached skill level 7 in Dodging
   138 | D        | Reached skill level 8 in Unarmed Combat
   141 | D        | Reached skill level 9 in Unarmed Combat
   183 | D        | Noticed a neqoxec
   184 | D        | Noticed a neqoxec
   184 | D        | Lost intelligence.
   186 | D        | Gained mutation: Your spells are a little easier to cast, but a little less powerful. [a neqoxec]
   189 | D        | Killed a neqoxec
   189 | D        | Reached XP level 7. HP: 75/75 MP: 6/6
   190 | D        | Noticed a neqoxec
   193 | D        | Killed a neqoxec
   193 | D        | Reached skill level 8 in Fighting
   193 | D        | Reached skill level 8 in Dodging
   197 | D        | Killed a neqoxec
   197 | D        | Reached skill level 10 in Unarmed Combat
   199 | D        | Noticed a neqoxec
   199 | D        | Gained mutation: Your body sometimes deteriorates upon taking damage. [a neqoxec]
   203 | D        | Gained mutation: Your flesh is cold resistant. (rC+) [a neqoxec]
   207 | D        | Gained mutation: You are weak. (Str -2) [a neqoxec]
   209 | D        | Killed a neqoxec
   209 | D        | Reached ***** piety under Trog
   278 | D        | Found Teseh's Antique Armour Emporium.
   278 | D        | Found Daneneus's Jewellery Emporium.
   278 | D        | Found Huxtyth's Gadget Shoppe.
   278 | D        | Found Zatinwim's Book Shoppe.
   278 | D        | Found Goijaj's Food Shoppe.
   278 | D        | Found Kesuifila's Antique Weapon Emporium.
   278 | D        | Found Syokor Gusi's Book Emporium.
   278 | D        | Found Geph's Jewellery Shoppe.
   279 | D        | Found Simidda's Distillery.
   279 | D        | Found Qeuge's Magic Scroll Shoppe.
   279 | D        | Found Soshrur's Antique Armour Shoppe.
   280 | D        | Found Ycearut's Antique Weapon Emporium.
   280 | D        | Noticed a redback
   281 | D        | Found Aceczoto's Book Shoppe.
   281 | D        | Found Loifoph's General Store.
   281 | D        | Noticed Menkaure
   281 | D        | Noticed a redback
   281 | D        | Noticed an oklob plant
   282 | D        | Found Cifogeuq's Distillery.
   282 | D        | Found Miallyef's Book Shoppe.
   292 | D        | Killed Menkaure
   292 | D        | Reached skill level 9 in Fighting
   292 | D        | Reached skill level 9 in Dodging
   292 | D        | Reached XP level 8. HP: 78/88 MP: 7/7
   299 | D        | Bought a +4 ring of protection for 468 gold pieces
   305 | D        | Noticed a shining eye
   307 | D        | Noticed a shining eye
   308 | D        | Noticed a shining eye
   317 | D        | Bought 3 potions of curing for 108 gold pieces
   319 | D        | Bought a potion of haste for 120 gold pieces
   348 | D        | Found an iron altar of Okawaru.
   348 | D        | Found a radiant altar of Vehumet.
   348 | D        | Found a glowing silver altar of Zin.
   349 | D        | Found a sparkling altar of Nemelex Xobeh.
   349 | D        | Found a hide-covered altar of Uskayaw.
   349 | D        | Found a basalt altar of Yredelemnul.
   350 | D        | Found an opulent altar of Gozag.
   350 | D        | Found a burning altar of Makhleb.
   350 | D        | Found a bloodstained altar of Trog.
   351 | D        | Found a blossoming altar of Fedhas.
   351 | D        | Found a corrupted altar of Lugonu.
   351 | D        | Found a deep blue altar of Sif Muna.
   352 | D        | Found a white marble altar of Elyvilon.
   352 | D        | Found an ancient bone altar of Kikubaaqudgha.
   353 | D        | Found a shadowy altar of Dithmenos.
   353 | D        | Found a viscous altar of Jiyva.
   354 | D        | Found a snail-covered altar of Cheibriados.
   356 | D        | Noticed a polar bear
   356 | D        | Found a roughly hewn altar of Beogh.
   356 | D        | Found a shimmering altar of Xom.
   356 | D        | Found a sacrificial altar of Ru.
   356 | D        | Found a hazy altar of Hepliaklqana.
   356 | D        | Noticed a polar bear
   357 | D        | Noticed a polar bear
   357 | D        | Found a glowing golden altar of the Shining One.
   357 | D        | Found an ornate altar of the Wu Jian Council.
   357 | D        | Found a stormy altar of Qazlal.
   357 | D        | Noticed a yaktaur
   361 | D        | Noticed a hornet
   361 | D        | Killed a polar bear
   361 | D        | Reached skill level 11 in Unarmed Combat
   363 | D        | Killed a polar bear
   366 | D        | Killed a yaktaur
   367 | D        | Killed a hornet
   392 | D        | Killed a polar bear
   392 | D        | Reached skill level 10 in Fighting
   392 | D        | Reached skill level 10 in Dodging
   411 | D        | Noticed a great orb of eyes
   419 | D        | Paralysed by a great orb of eyes for 2 turns
   422 | D        | Killed a great orb of eyes
   422 | D        | Reached skill level 12 in Unarmed Combat
   422 | D        | Reached XP level 9. HP: 60/98 MP: 3/8
   484 | D        | Noticed a death drake
   497 | D        | HP: 35/153 [death drake/foul vapour (12)]
   500 | D        | HP: 14/153 [death drake (6)]
   501 | D        | Killed a death drake
   501 | D        | Received a gift from Trog
   501 | D        | Reached skill level 11 in Fighting
   501 | D        | Reached skill level 11 in Dodging
   502 | D        | HP: 2/157 [swamp drake (6)]
   503 | D        | Succumbed to a death drake's dark miasma

Vault maps used:
D:        the_violet_keep_of_menkaure

Skill      XL: |  1  2  3  4  5  6  7  8  9 |
---------------+----------------------------+-----
Fighting       | 3 4 5 6 7 9 10 11 | 11.1
Dodging        | 3 4 5 6 7 9 10 11 | 11.2
Unarmed Combat | 4 5 7 9 10 12 | 12.9

Action                   |  1- 3 |  4- 6 |  7- 9 || total
-------------------------+-------+-------+-------++-------
Melee: Unarmed           |    20 |    17 |    43 ||    80
       Punch             |       |       |     1 ||     1
Invok: Berserk           |     1 |     2 |     2 ||     5
       Brothers in Arms  |       |       |     1 ||     1
  Use: Scroll            |       |       |     1 ||     1
       Potion            |       |       |     1 ||     1
  Eat: Chunk             |     2 |     3 |     1 ||     6
Armor: Animal skin       |     1 |     1 |     7 ||     9
Dodge: Dodged            |     4 |     1 |    20 ||    25

Vault maps used:
D:        the_violet_keep_of_menkaure

Table legend:
 A = Turns spent in this place as a percentage of turns spent in the entire game.
 B = Non-inter-level travel turns spent in this place as a percentage of non-inter-level travel turns spent in the entire game.
 C = Inter-level travel turns spent in this place as a percentage of turns spent in this place.
 D = Turns resting spent in this place as a percentage of non-inter-level travel turns spent in this place.
 E = Turns spent auto-exploring this place as a percentage of non-inter-level travel turns spent in this place.
 F = Non-inter-level travel turns spent in this place divided by the number of levels of this place that you've seen.
                   A       B       C       D       E      F
               +-------+-------+-------+-------+-------+----------------------
         Total | 100.0 | 100.0 |   0.0 |   5.7 |   0.0 | 388.0
       Dungeon | 100.0 | 100.0 |   0.0 |   5.7 |   0.0 | 388.0
               +-------+-------+-------+-------+-------+----------------------

Table legend:
 A = Kills in this place as a percentage of kills in entire the game.
 B = Kills by you in this place as a percentage of kills by you in the entire game.
 C = Kills by friends in this place as a percentage of kills by friends in the entire game.
 D = Other kills in this place as a percentage of other kills in the entire game.
 E = Experience gained in this place as a percentage of experience gained in the entire game.
 F = Experience gained in this place divided by the number of levels of this place that you have seen.
                   A       B       C       D       E      F
               +-------+-------+-------+-------+-------+----------------------
         Total | 100.0 | 100.0 | 100.0 |  -nan | 100.0 | 4403.0
       Dungeon | 100.0 | 100.0 | 100.0 |  -nan | 100.0 | 4403.0
               +-------+-------+-------+-------+-------+----------------------
